 Dungeon Crawl Stone Soup version 0.28-a0-241-gfbb0926a3a (webtiles) character file.

Game seed: 18331438441134460078

161 Malachi the Insei (level 5, -2/38 HPs)
             Began as a Demonspawn Transmuter on Aug 24, 2021.
             Slain by a kobold brigand (6 damage)
             ... in a sewer.
             The game lasted 00:03:25 (3245 turns).

Malachi the Insei (Demonspawn Transmuter)           Turns: 3245, Time: 00:03:26

Health: -2/38      AC:  4    Str:  8    XL:     5   Next: 18%
Magic:  8/8        EV: 12    Int: 15    God:
Gold:   62         SH:  4    Dex: 14    Spells: 4/8 levels left

rFire   . . .      SeeInvis +     - Unarmed
rCold   . . .      Faith    .   (no shield)
rNeg    . . .      Spirit   .   a - +0 robe
rPois   .          Reflect  .   (helmet currently unavailable)
rElec   .          Harm     .   (no cloak)
rCorr   .          Rampage  .   (no gloves)
Will    .....                   (boots currently unavailable)
Stlth   +.........              (no amulet)
HPRegen 0.12/turn               e - ring of see invisible
MPRegen 0.11/turn               (no ring)

@: appendages, very slow
A: horns 2, talons 2, rugged brown scales 2, large bone plates 1, weak 1
a: End Transformation


You were in a sewer.
You had temporarily grown beastly horns and talons.
You visited 1 branch of the dungeon, and saw 3 of its levels.
You also visited: Sewer.

You collected 62 gold pieces.

Inventory:

Missiles
 c - 14 poisoned darts
 g - a curare-tipped dart
Armour
 a - a +0 robe (worn)
Jewellery
 e - a ring of see invisible (left hand)
Scrolls
 b - a scroll of noise {unknown}
 d - a scroll of enchant armour {unknown}
 f - 2 scrolls of immolation {unknown}
 j - a scroll of identify {unknown}
 k - a scroll of magic mapping {unknown}
 l - a scroll of brand weapon {unknown}


   Skills:
 - Level 1.0 Fighting
 - Level 1.7 Dodging
 * Level 4.7 Unarmed Combat
 - Level 2.0 Spellcasting
 * Level 2.5 Transmutations
 * Level 1.6 Poison Magic


You had 4 spell levels left.
You knew the following spells:

 Your Spells              Type           Power      Damage    Failure   Level
a - Beastly Appendage     Tmut           18%        N/A       8%          1
b - Spider Form           Tmut/Pois      3%         N/A       28%         3

Your spell library contained the following spells:

 Spells                   Type           Power      Damage    Failure   Level
 Wereblood                Tmut           9%         N/A       12%         2
 Slow                     Hex            1%         N/A       32%         2
 Confusing Touch          Hex            1%         N/A       54%         3
 Vampiric Draining        Necr           0%         2d6       54%         3
 Ice Form                 Ice/Tmut       5%         N/A       78%         4


Dungeon Overview and Level Annotations

Branches:
Dungeon (3/15)              Sewer (1/1)

Altars:


Innate Abilities, Weirdness & Mutations

You have temporarily grown beastly horns and talons.
You are mostly covered in rugged brown scales. (AC +2, +5% HP)
You are partially covered in large bone plates. (SH +4)
You are weak. (Str -2)


Message History

The kobold brigand closely misses you.
You completely miss the kobold brigand.
The kobold brigand is heavily wounded.
The kobold brigand hits you but does no damage.
You hit the kobold brigand.
The kobold brigand is heavily wounded.
You block the kobold brigand's attack.
Casting: Beastly Appendage (safe; 8% risk of failure)
Confirm with . or Enter, or press ? or * to list all spells.
You grow a pair of large bovine horns.
Your feet morph into talons.
The kobold brigand hits you with a +0 short sword.
* * * LOW HITPOINT WARNING * * *
You barely miss the kobold brigand. Your kick misses the kobold brigand.
Your punch misses the kobold brigand.
The kobold brigand is heavily wounded.
The kobold brigand closely misses you.
You hit the kobold brigand.
The kobold brigand is severely wounded.
The kobold brigand barely misses you.
You hit the kobold brigand but do no damage.
Your kick misses the kobold brigand.
The kobold brigand is severely wounded.
The kobold brigand hits you with a +0 short sword.
* * * LOW HITPOINT WARNING * * *
You hit the kobold brigand but do no damage.
The kobold brigand is severely wounded.
The kobold brigand hits you with a +0 short sword.
* * * LOW HITPOINT WARNING * * *
You closely miss the kobold brigand.
The kobold brigand is severely wounded.
You block the kobold brigand's attack.
You feel better.
The kobold brigand hits you with a +0 short sword.
* * * LOW HITPOINT WARNING * * *
The kobold brigand hits you with a +0 short sword.
* * * LOW HITPOINT WARNING * * *
You hit the kobold brigand but do no damage.
The kobold brigand is severely wounded.
The kobold brigand hits you with a +0 short sword.
You die...

#≈ K# #≈ ≈# ≈#≈ ≈.≈ #S# ≈#
#≈# .# #≈###≈# #≈K≈≈≈#
##≈@≈## #..≈# #.≈≈# #≈≈≈##
##### #....## . ≈≈≈≈#####
#.≈≈..#####≈.
###≈≈)≈≈########≈..≈.≈≈≈≈.≈
≈≈≈≈###≈≈.≈...####..≈.≈≈≈≈≈
##### #≈≈.≈≈≈≈.# ##...≈.≈≈#


You could see a kobold brigand.

Vanquished Creatures
  A kobold brigand (Sewer)
  5 adders
  4 worms
  A dart slug (D:1)
  3 orcs (D:3)
  3 ball pythons
  2 bats
  3 endoplasms
  2 giant cockroaches (D:1)
  2 hobgoblins (D:1)
  4 kobolds
  A quokka (D:1)
  3 frilled lizards
  3 rats
37 creatures vanquished.

Vanquished Creatures (others)
  A plant (D:1)
1 creature vanquished.

Grand Total: 38 creatures vanquished

Notes
Turn   | Place    | Note
-------+----------+-------------------------------------------
     0 | D:1      | Malachi the Demonspawn Transmuter began the quest for the
                  | Orb.
     0 | D:1      | Reached XP level 1. HP: 15/15 MP: 3/3
   199 | D:1      | Reached skill level 3 in Unarmed Combat
   270 | D:1      | Found a faded altar of an unknown god.
   324 | D:1      | Gained mutation: You are partially covered in rugged brown
                  | scales. (AC +1, +3% HP) [demonic ancestry]
   324 | D:1      | Reached XP level 2. HP: 13/21 MP: 5/5
   832 | D:1      | You fall into a shaft and drop 1 floor!
  1128 | D:2      | Reached XP level 3. HP: 26/26 MP: 4/6
  1404 | D:2      | Reached skill level 4 in Unarmed Combat
  2212 | D:2      | Learned a level 3 spell: Spider Form
  2250 | D:3      | Reached XP level 4. HP: 22/32 MP: 5/7
  2387 | D:3      | Found a glowing drain.
  2396 | Sewer    | Entered a sewer
  2444 | Sewer    | Noticed a kobold brigand
  2452 | Sewer    | Gained mutation: You are weak. (Str -2) [potion of
                  | mutation]
  2452 | Sewer    | Gained mutation: You are partially covered in large bone
                  | plates. (SH +4) [potion of mutation]
  2468 | Sewer    | Killed a kobold brigand
  2469 | Sewer    | Reached skill level 1 in Poison Magic
  2469 | Sewer    | Gained mutation: You are mostly covered in rugged brown
                  | scales. (AC +2, +5% HP) [demonic ancestry]
  2469 | Sewer    | Reached XP level 5. HP: 9/38 MP: 6/8
  3241 | Sewer    | HP: 1/38 [kobold brigand (5)]
  3245 | Sewer    | Slain by a kobold brigand

Illustrated notes

Levels and vault maps discovered:
D:1:      pf_arrival_petrified_forest, layout_basic,
          chequers_ecumenical_altar_simple_redux, serial_forest,
          infiniplex_forest_end_3, infiniplex_forest_end_2,
          infiniplex_forest_end_3, infiniplex_forest_clump_double,
          infiniplex_forest_clump_small, infiniplex_forest_end_2,
          infiniplex_forest_lined_room_2, moated_statue
D:2:      layout_basic
D:3:      layout_loops_ring, old_standard_altar, portal_sewer_entry_d
Sewer:    sewer_co_tree

Skill      XL: |  1  2  3  4 |
---------------+-------------+-----
Unarmed Combat | 3 4 |  4.7
Transmutations | 2 |  2.5
Poison Magic   | 1 |  1.6
Fighting       | |  1.0
Dodging        | |  1.7
Spellcasting   | |  2.0

Action                   |  1- 3 |  4- 6 || total
-------------------------+-------+-------++-------
Melee: Unarmed           |    74 |    77 ||   151
       Punch             |     3 |     2 ||     5
       Kick              |    10 |     9 ||    19
       Headbutt          |     9 |     9 ||    18
 Cast: Beastly Appendage |    18 |     8 ||    26
  Use: Potion            |       |     4 ||     4
 Stab: Sleeping          |     1 |       ||     1
Armor: Robe              |    13 |    11 ||    24
Dodge: Dodged            |    45 |    35 ||    80
Block: Other             |       |     9 ||     9

Table legend: (Time is in decaauts)
 A = Elapsed time spent in this place.
 B = Non-inter-level travel time spent in this place.
 C = Inter-level travel time spent in this place.
 D = Time resting spent in this place.
 E = Time spent auto-exploring this place.
 F = Levels seen in this place.
 G = Mean time per level.
                   A        B        C        D        E       F      G
               +--------+--------+--------+--------+--------+-----+--------+
         Total |   3282 |   3263 |     19 |   1322 |   1523 |   4 |  820.5 |
       Dungeon |   2396 |   2377 |     19 |    712 |   1403 |   3 |  798.7 |
         Sewer |    886 |    886 |      0 |    610 |    120 |   1 |  886.0 |
               +--------+--------+--------+--------+--------+-----+--------+

Top non-repeatable levels by time:
     D:2: 1400 daAuts
   Sewer: 886 daAuts
     D:1: 829 daAuts
     D:3: 165 daAuts
